 Dungeon Crawl Stone Soup version 0.31-a0-618-g7ca08c1ff9 (webtiles) character file.

Game seed: 559122005262471277

989 Fodor the Covered (level 7, -4/61 HPs)
             Began as a Minotaur Fighter on Aug 21, 2023.
             Slain by a bullfrog (5 damage)
             ... on level 6 of the Dungeon on Aug 22, 2023.
             The game lasted 00:25:38 (5143 turns).

Fodor the Covered (Minotaur Fighter)                Turns: 5143, Time: 00:25:39

Health: -4/61      AC: 11    Str: 26    XL:     7   Next: 98%
Magic:  0/6        EV: 10    Int:  5    God:
Gold:   241        SH:  4    Dex:  9    Spells: 6/6 levels left

rFire   + . .        t - +6 spear "Tinovvu" {flame, rPois Str+3 Stlth+}
rCold   + + .        c - +0 buckler
rNeg    . . .        b - +0 scale mail
rPois   +            (helmet restricted)
rElec   +            (no cloak)
rCorr   +            k - +0 pair of gloves
SInv    .            f - +1 pair of boots
Will    .....        h - amulet of guardian spirit
Stlth   +            l - ring of protection from cold
HPRegen 0.30/turn    (no ring)
MPRegen 0.10/turn

%: guardian spirit
@: brilliant, resistant
A: horns 2, retaliatory headbutt
a: no special abilities


You were on level 6 of the Dungeon.
You visited 2 branches of the dungeon, and saw 7 of its levels.

You collected 269 gold pieces.
You spent 28 gold pieces at shops.

Inventory:

Hand Weapons
 t - the +6 spear "Tinovvu" (weapon) {flame, rPois Str+3 Stlth+}
   (You found it on level 3 of the Dungeon)

   Str+3:     It affects your strength (+3).
   rPois:     It protects you from poison Stlth+: It makes you more stealthy.
Missiles
 m - 8 poisoned darts
Armour
 b - a +0 scale mail (worn)
 c - a +0 buckler (worn)
 f - a +1 pair of boots (worn)
 k - a +0 pair of gloves (worn)
Jewellery
 a - a ring of poison resistance
 e - a ring of resist corrosion
 h - an amulet of guardian spirit (around neck)
 l - a ring of protection from cold (left hand)
 o - a +5 ring of evasion
Wands
 g - a wand of roots (6)
Scrolls
 i - a scroll of brand weapon {unknown}
 j - a scroll of noise {unknown}
 p - a scroll of fog {unknown}
 s - 3 scrolls of teleportation
 u - a scroll of poison {unknown}
 x - a scroll of immolation {unknown}
Potions
 d - 3 potions of might
 r - a potion of curing {unknown}
 v - 3 potions of enlightenment
 w - a potion of heal wounds


   Skills:
 + Level 5.5 Fighting
 + Level 5.4 Long Blades
 + Level 3.4 Polearms
 + Level 6.8 Armour
 + Level 3.1 Dodging
 + Level 0.4 Stealth
 + Level 5.3 Shields


You had 6 spell levels left.
You didn't know any spells.
Your spell library contained the following spells:

 Spells                   Type           Power      Damage    Failure   Level
 Magic Dart               Conj           0%         1d3       78%         1
 Call Imp                 Summ           0%         N/A       89%         2
 Wereblood                Tmut           0%         N/A       89%         2
 Mephitic Cloud           Conj/Pois/Air  0%         N/A       98%         3
 Irradiate                Conj/Tmut      0%         3d11      100%        5


Dungeon Overview and Level Annotations

Branches:
Dungeon (6/15)             Temple (1/1) D:5

Altars:
Ashenzari
Cheibriados
Dithmenos
Fedhas
Kikubaaqudgha
Makhleb
Nemelex Xobeh
Okawaru
Ru
Sif Muna
Trog
Uskayaw
Wu Jian

Shops:
D:4 [   D:5 ?


Innate Abilities, Weirdness & Mutations

You have a pair of horns on your head.
You reflexively headbutt those who attack you in melee.


Message History

* * * LOW HITPOINT WARNING * * *
The gnoll hits you with a +2 whip of electrocution.
* * * LOW HITPOINT WARNING * * *
You barely miss the orc. Your headbutt misses the orc.
The orc barely misses you.
The gnoll sergeant hits you but does no damage.
You block the gnoll's attack. The gnoll barely misses you.
You hit the orc but do no damage. You headbutt the orc.
The orc is heavily wounded.
The orc barely misses you. You furiously retaliate!
You headbutt the orc.
The gnoll sergeant hits you with a +0 spear.
* * * LOW HITPOINT WARNING * * *
The gnoll hits you from afar with a +0 halberd!
* * * LOW HITPOINT WARNING * * *
As you read the scroll of teleportation, it crumbles to dust.
You feel strangely unstable.
The ogre shouts!
The orc hits you but does no damage.
The gnoll sergeant hits you but does no damage.
The gnoll hits you from afar with a +0 halberd.
* * * LOW HITPOINT WARNING * * *
The gnoll hits you but does no damage.
It was a potion of brilliance.
You feel clever all of a sudden. The orc hits you with a +0 whip.
* * * LOW HITPOINT WARNING * * *
The gnoll sergeant barely misses you. You block the gnoll's attack.
The gnoll hits you with a +2 whip of electrocution.
* * * LOW HITPOINT WARNING * * *
It was a potion of resistance.
You feel protected.
Your surroundings suddenly seem different.
A bullfrog, 3 gnolls and a scorpion come into view.
A gnoll is wielding a +2 spear of flaming.
The bullfrog croaks.
The gnoll shouts! x3; You hear a shout!
The bullfrog hits you but does no damage.
A shadow comes into view.
A gnoll comes into view. It is wielding a +0 club.
The bullfrog hits you.
You die...

.# .
#..##.....#.
#..#.......
#.........# #
#.........#
..#.........#
............##
#.......gs.#W
#...F@.....g.
#............g
###..##...#g..
### ...# .
####


You could see a shadow, a bullfrog, a scorpion and 4 gnolls.

Vanquished Creatures
  Eustachio (D:4)
  2 black bears (D:5)
  An ogre (D:5)
  2 scorpions (D:5)
  A howler monkey (D:5)
  4 hounds (D:5)
  Ijyb (D:3)
  3 orc wizards
  5 gnolls
  7 adders
  A shadow imp (D:5)
  2 ufetubi
  2 dart slugs (D:2)
  9 orcs
  7 ball pythons
  4 bats
  7 endoplasms
  3 giant cockroaches
  7 goblins
  5 hobgoblins
  4 jackals (D:3)
  5 kobolds
  4 quokkas
  A frilled lizard (D:2)
  11 rats
99 creatures vanquished.

Notes
Turn   | Place    | Note
-------+----------+-------------------------------------------
     0 | D:1      | Fodor the Minotaur Fighter began the quest for the Orb.
     0 | D:1      | Reached XP level 1. HP: 19/19 MP: 0/0
     3 | D:1      | Found a faded altar of an unknown god.
   392 | D:1      | Reached XP level 2. HP: 24/27 MP: 1/1
   643 | D:1      | Reached skill level 4 in Armour
   924 | D:2      | Reached XP level 3. HP: 7/33 MP: 0/2
  1724 | D:2      | Reached XP level 4. HP: 41/41 MP: 3/3
  2016 | D:3      | Noticed Ijyb
  2025 | D:3      | Killed Ijyb
  2027 | D:3      | HP: 2/41 [poisoned by an adder]
  2510 | D:3      | Reached skill level 1 in Dodging
  2536 | D:3      | You fall into a shaft and drop 1 floor!
  2658 | D:3      | Reached XP level 5. HP: 46/47 MP: 2/4
  2690 | D:3      | Reached skill level 5 in Armour
  2905 | D:3      | Identified the +6 spear "Tinovvu" {flame, rPois Str+3
                  | Stlth+}
  3375 | D:4      | Found Ixedyach's Armour Boutique.
  3630 | D:4      | Found a burning altar of Makhleb.
  3659 | D:4      | Noticed Eustachio
  3677 | D:4      | Killed Eustachio
  3678 | D:4      | Reached skill level 5 in Fighting
  3678 | D:4      | Reached skill level 1 in Polearms
  3678 | D:4      | Reached XP level 6. HP: 54/56 MP: 5/5
  3711 | D:4      | Reached skill level 5 in Long Blades
  4034 | D:5      | Entered Level 5 of the Dungeon
  4151 | D:5      | Found Nayzesept's Magic Scroll Boutique.
  4190 | D:5      | Upgraded the game from 0.31-a0-609-g7bf6ffcfed to
                  | 0.31-a0-618-g7ca08c1ff9
  4361 | D:5      | Reached skill level 6 in Armour
  4361 | D:5      | Reached XP level 7. HP: 44/61 MP: 3/6
  4366 | D:5      | Reached skill level 5 in Shields
  4392 | D:5      | Found a staircase to the Ecumenical Temple.
  4399 | Temple   | Entered the Ecumenical Temple
  4696 | D:5      | Bought a scroll of identify for 28 gold pieces
  5142 | D:6      | HP: 1/61 [gnoll/+2 whip of electrocution[a gnoll sergeant]
                  | (3)]
  5143 | D:6      | Noticed a shadow
  5143 | D:6      | Slain by a bullfrog

Illustrated notes

Levels and vault maps discovered:
D:1:      dpeg_arrival_ratfight, layout_basic, basic_ecumenical_altar
D:2:      layout_basic
D:3:      layout_loops_cross, supply_closet_lemuel, uniq_ijyb
D:4:      layout_loops_ring, lightli_temple_of_fire, serial_shops, shop,
          uniq_eustachio
D:5:      layout_loops_ring, minmay_temple_entry_mini_moons, serial_shops,
          nicolae_shop_tiny_waterfront, serial_bayou_lagoon_b
D:6:      minmay_razor_zed, layout_cave_pools, nicolae_hepliaklqana_hazy_memory
Temple:   minmay_temple_forest_path

Skill      XL: |  1  2  3  4  5  6  7 |
---------------+----------------------+-----
Fighting       | 4 5 |  5.5
Armour         | 4 5 6 |  6.8
Shields        | 4 5 |  5.3
Long Blades    | 3 4 5 |  5.4
Dodging        | 1 2 3 |  3.1
Polearms       | 1 3 |  3.4
Stealth        | |  0.4

Action                     |  1- 3 |  4- 6 |  7- 9 || total
---------------------------+-------+-------+-------++-------
  Melee: Long sword        |    91 |    84 |       ||   175
         Headbutt          |    12 |    20 |     7 ||    39
         Spear             |       |    57 |    49 ||   106
    Use: Potion            |       |     4 |     2 ||     6
         Scroll            |       |       |     2 ||     2
 Armour: Scale mail        |    72 |    82 |    26 ||   180
  Dodge: Dodged            |    50 |    72 |    31 ||   153
  Block: Buckler           |    28 |    29 |    15 ||    72

Table legend: (Time is in decaauts)
 A = Elapsed time spent in this place.
 B = Non-inter-level travel time spent in this place.
 C = Inter-level travel time spent in this place.
 D = Time resting spent in this place.
 E = Time spent auto-exploring this place.
 F = Levels seen in this place.
 G = Mean time per level.
                   A        B        C        D        E       F      G
               +--------+--------+--------+--------+--------+-----+--------+
         Total |   5182 |   5064 |    118 |    601 |      0 |   7 |  740.3 |
       Dungeon |   4924 |   4818 |    106 |    601 |      0 |   6 |  820.7 |
        Temple |    257 |    245 |     12 |      0 |      0 |   1 |  257.0 |
               +--------+--------+--------+--------+--------+-----+--------+

Top non-repeatable levels by time:
     D:3: 1298 daAuts
     D:2: 1268 daAuts
     D:5: 819 daAuts
     D:4: 761 daAuts
     D:1: 733 daAuts
  Temple: 257 daAuts
     D:6: 42 daAuts
